 Dungeon Crawl Stone Soup version 0.29.0-7-g18a832c13a (webtiles) character file.

Game seed: 2042383643962718853

2144 sanka the Grappler (level 9, 0/77 (88) HPs)
             Began as a Troll Cinder Acolyte on Aug 30, 2022.
             Was a High Priest of Ignis.
             Slain by a wight
             ... wielding a +0 spear
              (4 damage)
             ... on level 7 of the Dungeon.
             The game lasted 00:07:20 (4902 turns).

sanka the Grappler (Troll Cinder Acolyte)           Turns: 4902, Time: 00:07:21

HP:   0/77 (88)     AC: 15    Str: 24    XL:     9   Next: 9%
MP:   9/9           EV: 11    Int: 10    God:    Ignis [*****.]
Gold: 302           SH:  0    Dex: 15    Spells: 10/10 levels left

rFire   + . .      SeeInvis .     - Unarmed
rCold   . . .      Faith    .   (no shield)
rNeg    . . .      Spirit   .   H - +0 steam dragon scales
rPois   .          Reflect  .   (helmet restricted)
rElec   .          Harm     .   q - +0 cloak
rCorr   +          Rampage  .   (gloves unavailable)
Will    .....                   (boots unavailable)
Stlth   +.........              (no amulet)
HPRegen 1.02/turn               y - ring of resist corrosion
MPRegen 0.11/turn               k - +6 ring of dexterity

@: fiery-armoured, heavily drained
A: large, unfitting armour, claws 3, regeneration 1, shaggy fur 1, tough skin 1
a: Renounce Religion, Fiery Armour, Foxfire Swarm, Rising Flame


You were on level 7 of the Dungeon.
You worshipped Ignis.
Ignis was extremely pleased with you.
You visited 1 branch of the dungeon, and saw 7 of its levels.

You collected 357 gold pieces.
You spent 55 gold pieces at shops.


Innate Abilities, Weirdness & Mutations

You are too large for most types of armour.
You have claws for hands.
Your natural rate of healing is unusually fast.
You are covered in fur. (AC +1)
You have tough skin. (AC +1)


   Skills:
 + Level 5.0 Fighting
 + Level 4.2 Dodging
 - Level 10.0 Unarmed Combat
 - Level 1.0 Spellcasting
 - Level 2.1 Fire Magic


You had 10 spell levels left.
You didn't know any spells.
Your spell library contained the following spells:

 Spells                   Type           Power      Damage    Failure   Level
 Scorch                   Fire           8%         2d5       22%         2
 Conjure Flame            Conj/Fire      2%         6-21      54%         3
 Ignite Poison            Fire/Tmut/Pois 1%         N/A       61%         3
 Ozocubu's Armour         Ice            0%         N/A       71%         3
 Stone Arrow              Conj/Erth      0%         3d7       71%         3
 Sticky Flame             Conj/Fire      2%         2d3       91%         4
 Animate Armour           Summ/Erth      0%         N/A       98%         4
 Ozocubu's Refrigeration  Ice            0%         4d7       100%        7
 Lehudib's Crystal Spear  Conj/Erth      0%         10d2      100%        8

Inventory:

Hand Weapons
 a - a +4 scimitar
 t - the +10 short sword of Imbalance {speed, *Rage rC- rCorr MP+9} Attacks with this weapon are significantly faster. rC: It makes you vulnerable to cold. MP: It affects your magic capacity (+9). *Rage: It berserks you when you make melee attacks (+20% chance). rCorr: It protects you from acid and corrosion.
Missiles
 i - 8 javelins (quivered)
Armour
 q - a +0 cloak (worn)
 H - +0 steam dragon scales (worn)
Jewellery
 f - a ring of ice
 k - a +6 ring of dexterity (right claw)
 y - a ring of resist corrosion (left claw)
Wands
 x - a wand of iceblast (12)
 B - a wand of flame (33)
 E - a wand of mindburst (14)
Scrolls
 c - 6 scrolls of identify {unknown}
 d - 2 scrolls of blinking {unknown}
 e - a scroll of vulnerability {unknown}
 h - 3 scrolls of noise {unknown}
 j - a scroll of enchant weapon {unknown}
 m - 2 scrolls of immolation {unknown}
 o - a scroll of magic mapping {unknown}
 s - 3 scrolls of enchant armour {unknown}
 u - 4 scrolls of teleportation {unknown}
 v - a scroll of poison {unknown}
 G - a scroll of brand weapon {unknown}
Potions
 b - a potion of cancellation {unknown}
 g - 4 potions of ambrosia {unknown}
 l - 2 potions of heal wounds {@q2}
 n - a potion of invisibility {unknown}
 p - 3 potions of curing {unknown}
 r - 4 potions of degeneration {unknown}
 w - a potion of might {unknown}
 z - a potion of attraction {unknown}
 A - a potion of lignification {unknown}
 C - a potion of flight {unknown}
 D - a potion of mutation {unknown}
 F - 2 potions of resistance {unknown}

Dungeon Overview and Level Annotations

Branches:
Dungeon (7/15)
 Temple: D:4-7

Altars:
Okawaru

Shops:
D:2 [[!:=

...▒ ▒.....▒...▒ ▒▒▒▒
▒▒▒▒▒)▒'▒...▒+▒ ▒
+...'.▒.......▒ ▒▒ ▒
▒▒▒...▒▒▒▒▒...▒▒▒▒ .▒
▒.▒.......▒.'...+..▒ .▒▒
▒.▒+▒...▒'▒†▒▒▒▒▒..▒▒
..▒▒▒...▒...▒.....▒.....▒▒
▒..▒▒...▒▒'▒▒..(..▒......▒.
▒▒..........▒.[.T.▒........
....▒▒▒▒.^.▒▒'▒z▒▒▒........
...▒▒ ▒▒.....▒z'..........
..▒▒ ▒...▒▒▒▒▒..▒▒▒▒▒▒▒▒
...▒ ▒▒....▒▒..▒▒ ...▒
▒▒........▒ ....▒
▒▒..▒▒▒.....▒ .▒▒..▒ ▒..▒▒
▒▒....#▒ ▒▒ ▒.▒ ▒..▒
▒▒......


You could see 2 wights.


Message History

You scratch the wight but do no damage. The wight closely misses you.
The wight hits you with a +0 spear!
* * * LOW HITPOINT WARNING * * *
You feel drained.
* * * LOW HITPOINT WARNING * * *
You scratch the wight.
The wight is moderately damaged.
The wight hits you from afar with a +0 trident.
* * * LOW HITPOINT WARNING * * *
You feel drained. The wight hits you with a +0 spear.
* * * LOW HITPOINT WARNING * * *
You feel drained.
* * * LOW HITPOINT WARNING * * *
Use which ability? (? or * to list)
A protective cloak of flame settles atop you.
The wight hits you from afar with a +0 trident.
* * * LOW HITPOINT WARNING * * *
You feel drained.
* * * LOW HITPOINT WARNING * * *
The wight hits you but does no damage.
The wight is burned by your cloak of flames.
The wight is heavily damaged.
You closely miss the wight.
The wight is heavily damaged.
The wight hits you from afar with a +0 trident.
* * * LOW HITPOINT WARNING * * *
The wight hits you with a +0 spear.
You die...

Action                   |  1- 3 |  4- 6 |  7- 9 || total
-------------------------+-------+-------+-------++-------
Melee: Unarmed           |   107 |    99 |   138 ||   344
       Punch             |       |     2 |     5 ||     7
Invok: Fiery Armour      |       |       |     1 ||     1
 Stab: Sleeping          |     1 |       |       ||     1
Armor: Robe              |    48 |    27 |    14 ||    89
       Steam dragon scal |       |       |    12 ||    12
Dodge: Dodged            |    74 |    36 |    58 ||   168

Levels and vault maps discovered:
D:1:      dpeg_arrival_more_subterranean_lakeside_camping, layout_rooms,
          minmay_tree_intersection
D:2:      layout_loops_corners, basic_altar, serial_shops, shop, shop,
          nicolae_shop_hallway_stairs, nicolae_square_shop,
          nicolae_shop_statue_plus, moated_statue, kennysheep_decorative_pillar,
          chequers_serial_rivers_room_a, minmay_tromino_v7
D:3:      layout_basic, shapermc_ecumenical_altar_mp_ritualfount,
          minmay_splitting_lines
D:4:      layout_loops_ring, minmay_temple_entry_from_below_a,
          serial_park_tiny_1
D:5:      layout_basic, kennysheep_generic_room_5, uniq_sigmund
D:6:      layout_basic
D:7:      nicolae_cairo_tiling_large, layout_layer_cave, serial_undead,
          serial_undead_d, serial_undead_d, serial_undead_e, serial_undead_b,
          serial_undead_f, serial_undead_c, serial_undead_a,
          chequers_serial_rivers_marsh, minmay_misc_feat_chi, minmay_misc_feat_x

Notes
Turn   | Place    | Note
-------+----------+-------------------------------------------
     0 | D:1      | sanka the Troll Cinder Acolyte began the quest for the Orb.
     0 | D:1      | Reached XP level 1. HP: 22/22 MP: 1/1
   102 | D:1      | Reached XP level 2. HP: 27/29 MP: 2/2
   419 | D:2      | Reached skill level 4 in Unarmed Combat
   447 | D:2      | Found Dyusyus's Antique Armour Boutique.
   523 | D:2      | Found Locs's Book Shop.
   526 | D:2      | Found an iron altar of Okawaru.
   631 | D:2      | Found Tuqa's Distillery.
   639 | D:2      | Bought a potion of heal wounds for 55 gold pieces
   698 | D:2      | Found Locliete's Jewellery Shoppe.
   734 | D:2      | Reached XP level 3. HP: 33/36 MP: 3/3
  1131 | D:2      | Found Fices's Antique Armour Shop.
  1455 | D:3      | Reached skill level 5 in Unarmed Combat
  1455 | D:3      | Reached XP level 4. HP: 44/44 MP: 4/4
  1567 | D:3      | Identified the +10 short sword of Imbalance {speed, *Rage
                  | rC- rCorr MP+9}
  1625 | D:3      | Found a faded altar of an unknown god.
  2013 | D:4      | Noticed a scorpion
  2025 | D:4      | Killed a scorpion
  2026 | D:4      | Reached skill level 6 in Unarmed Combat
  2026 | D:4      | Reached XP level 5. HP: 45/50 MP: 5/5
  2187 | D:4      | Reached XP level 6. HP: 53/59 MP: 6/6
  2598 | D:4      | Reached skill level 7 in Unarmed Combat
  2714 | D:5      | Entered Level 5 of the Dungeon
  2856 | D:5      | Noticed Sigmund
  2865 | D:5      | Killed Sigmund
  2866 | D:5      | Reached skill level 8 in Unarmed Combat
  2866 | D:5      | Reached XP level 7. HP: 60/66 MP: 7/7
  3512 | D:5      | Reached skill level 9 in Unarmed Combat
  3743 | D:6      | Reached XP level 8. HP: 46/74 MP: 8/8
  3783 | D:6      | Noticed a hornet
  3788 | D:6      | Paralysed by a hornet for 2 turns
  3791 | D:6      | Killed a hornet
  3792 | D:6      | Reached skill level 10 in Unarmed Combat
  3792 | D:6      | Reached skill level 3 in Fighting
  3792 | D:6      | Reached skill level 1 in Dodging
  3793 | D:6      | HP: 6/75 [poisoned by a hornet]
  3798 | D:6      | HP: 4/75 [poisoned by a hornet]
  3954 | D:6      | Reached skill level 2 in Dodging
  4637 | D:7      | Identified +0 steam dragon scales
  4638 | D:7      | Reached skill level 4 in Fighting
  4638 | D:7      | Reached skill level 3 in Dodging
  4792 | D:7      | Reached XP level 9. HP: 85/85 MP: 9/9
  4826 | D:7      | Reached skill level 4 in Dodging
  4896 | D:7      | Reached skill level 5 in Fighting
  4902 | D:7      | HP: 4/77 [wight/+0 trident (5)]
  4902 | D:7      | Slain by a wight

Vanquished Creatures
  A hornet (D:6)
  Sigmund (D:5)
  A steam dragon (D:7)
  An ice beast (D:6)
  An ogre (D:6)
  A kobold brigand (D:6)
  4 phantoms
  3 bullfrogs
  A necrophage (D:6)
  2 scorpions
  5 wights (D:7)
  A howler monkey (D:5)
  3 hounds
  An orc priest (D:4)
  2 iguanas (D:5)
  A killer bee zombie (D:7)
  A howler monkey zombie (D:7)
  3 gnolls (D:5)
  12 adders
  3 white imps
  An ufetubus (D:5)
  A worm (D:2)
  2 dart slugs
  8 orcs
  7 bats
  8 endoplasms
  3 giant cockroaches
  4 goblins
  6 hobgoblins
  7 ball pythons
  4 frilled lizards
  12 kobolds
  3 rats
114 creatures vanquished.
